 Dungeon Crawl Stone Soup version 0.25.1-2-g60ff931df9 (webtiles) character file.

Game seed: 10196308703589852224

55805 Johnny the Earth Mage (level 14, -13/93 HPs)
             Began as a Demigod Earth Elementalist on Oct 24, 2020.
             Mangled by a minotaur (19 damage)
             ... on level 9 of the Dungeon.
             The game lasted 00:36:45 (27442 turns).

Johnny the Earth Mage (Demigod Earth Elementalist) Turns: 27442, Time: 00:36:46

Health: -13/93     AC:  9    Str: 15    XL:     14   Next: 6%
Magic:  53/53      EV: 10    Int: 27    God:
Gold:   936        SH: 17    Dex: 16    Spells: 10/37 levels left

rFire    . . .     SeeInvis +   t - +7 spear (freeze)
rCold    . . .     Gourm    .   D - +2 kite shield
rNeg     . . .     Faith    .   a - +0 robe "Rearom" {Harm rPois Slay+3 SInv}
rPois    +         Spirit   .   (no helmet)
rElec    .         Reflect  +   J - +2 cloak {rCorr}
rCorr    +         Harm     +   K - +2 pair of gloves {archery}
MR       ++...                  y - +0 pair of boots
Stlth    ++........             h - amulet of reflection
HPRegen  0.25/turn              v - ring of the Catfish {MR+ MP+9 Str+4}
MPRegen  0.33/turn              x - ring of magical power

@: about to teleport
A: high mp 1
a: no special abilities


You were on level 9 of the Dungeon.
You were not hungry.

You visited 3 branches of the dungeon, and saw 17 of its levels.
You also visited: Ice Cave.

You collected 4180 gold pieces.
You spent 3244 gold pieces at shops.

Inventory:

Hand Weapons
 t - a +7 spear of freezing (weapon)
Missiles
 p - 333 stones (quivered)
Armour
 a - the +0 robe "Rearom" (worn) {Harm rPois Slay+3 SInv}
   (You bought it in a shop on level 8 of the Dungeon)

   It affects your accuracy and damage with ranged weapons and melee attacks
   (+3).
   It protects you from poison.
   It lets you see invisible.
   It increases damage dealt and taken.
 y - a +0 pair of boots (worn)
 D - a +2 kite shield (worn)
 J - a +2 cloak of preservation (worn)
 K - a +2 pair of gloves of archery (worn)
Jewellery
 c - an uncursed ring of protection from cold
 h - an amulet of reflection (around neck)
 r - a cursed ring of attention {unknown}
 v - the ring of the Catfish (left hand) {MR+ MP+9 Str+4}
   (You acquired it on level 8 of the Dungeon)

   [ring of magical power]

   It affects your strength (+4).
   It affects your resistance to hostile enchantments.
   It affects your magic capacity (+9).
 x - a ring of magical power (right hand)
 C - an uncursed ring of see invisible {unknown}
 F - an uncursed ring of protection from fire
Wands
 e - a wand of digging (4)
 l - a wand of polymorph (29)
 G - a wand of random effects (37)
 I - a wand of disintegration (13)
Scrolls
 b - 2 scrolls of fog
 k - 12 scrolls of remove curse
 m - 4 scrolls of immolation
 n - 2 scrolls of teleportation
 q - 5 scrolls of magic mapping
 s - 2 scrolls of blinking
 u - 4 scrolls of enchant armour
 z - a scroll of noise
 L - a scroll of vulnerability
Potions
 f - 10 potions of curing
 g - 3 potions of ambrosia {unknown}
 i - 2 potions of might {unknown}
 j - a potion of flight {unknown}
 o - 5 potions of haste
 w - a potion of brilliance
 A - a potion of cancellation
 B - 3 potions of lignification
 E - a potion of berserk rage
 H - a potion of magic
Comestibles
 d - 39 rations


   Skills:
 - Level 1.7 Dodging
 - Level 1.7 Stealth
 + Level 5.2 Shields
 + Level 12.1 Spellcasting
 + Level 2.2 Translocations
 - Level 0.8 Transmutations
 * Level 17.6 Earth Magic


You had 10 spell levels left.
You knew the following spells:

 Your Spells              Type           Power        Failure   Level  Hunger
a - Sandblast             Erth           ######       0%          1    None
b - Stone Arrow           Conj/Erth      ######       1%          3    None
c - Lee's Rapid Deconstr  Erth           #######...   1%          5    ###....
d - Petrify               Tmut/Erth      ######..     2%          4    None
e - Controlled Blink      Tloc           N/A          100%        8    #######
f - Iron Shot             Conj/Erth      ######....   45%         6    #####..

Your spell library contained the following spells:

 Spells                   Type           Power        Failure   Level  Hunger
 Passwall                 Tmut/Erth      ######..     1%          2    None
 Corona                   Hex            ###....      12%         1    None
 Gell's Gravitas          Tloc           ####......   14%         3    None
 Ensorcelled Hibernation  Hex/Ice        ###...       19%         2    None
 Portal Projectile        Hex/Tloc       ###...       24%         3    None
 Bolt of Magma            Conj/Fire/Erth #####.....   30%         5    ###....
 Confusing Touch          Hex            ###.....     36%         3    None
 Dazzling Flash           Conj/Hex       ###...       36%         3    None
 Tukima's Dance           Hex            ###.....     36%         3    None
 Ice Form                 Ice/Tmut       ###.....     71%         4    None
 Iskenderun's Battlesphe  Conj/Chrm      ###.....     98%         5    ###....
 Metabolic Englaciation   Hex/Ice        ###.......   98%         5    ###....
 Dispersal                Tloc           ####......   100%        6    #####..
 Freezing Cloud           Conj/Ice/Air   ###.......   100%        6    #####..
 Ozocubu's Refrigeration  Ice            ###.......   100%        6    #####..
 Simulacrum               Ice/Necr       ###.......   100%        6    #####..
 Orb of Destruction       Conj           ###.......   100%        7    ######.
 Spellforged Servitor     Conj/Summ      ###.......   100%        7    ######.
 Disjunction              Tloc           ####......   100%        8    #######


Dungeon Overview and Level Annotations

Branches:
Dungeon (14/15)            Temple (0/1) D:4            Lair (1/6) D:9
    Orc (2/2) D:12            Elf (0/3) Orc:2        Vaults (0/5) D:13
  IceCv (visited)

Shops:
D:4 (   D:6 [   D:8 [   D:12 ?   Orc:1 *   Orc:2 ::[*


Innate Abilities, Weirdness & Mutations

You have an increased reservoir of magic. (+10% MP)


Message History

HP restored.
You climb downwards.
Welcome back to the Lair of Beasts!
You block the minotaur's attack.
The minotaur gores you but does no damage.
There is a staircase back to the Dungeon, spattered with blood here.
You see here 4 silver javelins.
Unknown command.
Unknown command.
The minotaur misses you. The minotaur gores you!!
You climb upwards.
Welcome back to the Dungeon!
There is a staircase to the Lair here.
Unknown command.
The minotaur hits you!! The minotaur gores you!
There is an open door here.
There is an open door here.
As you read the scroll of teleportation, it crumbles to dust.
You feel strangely unstable. The minotaur hits you!!
* * * LOW HITPOINT WARNING * * *
The minotaur gores you!
You die... ##..## #PP.>.PPPPP.. ### #..## #PPP..PPPP... ..# #.## #PPPP.PPP....

..### #.# ###PPPPP......# ..'.#
###'####### #.##..P..P...## ..#.#
#.........# #.####.....####
..#.###.........# #.........'.##.
..#...'.........###...>.....#.##.
..#####.........@H'.........#..#.
..# #.........###.........##...
..# #.........# ##############.
### ########### ##


You could see a minotaur.

Vanquished Creatures
  Jorgrun (D:13)
  An ettin (D:11)
  Josephine (Orc:1)
  The ghost of Exodag the Basher, a journeyman MiBe of Trog (Lair:1)
  3 hydras
  2 vault guards (D:13)
  11 two-headed ogres
  4 centaur warriors
  An unseen horror (D:12)
  3 orc knights
  5 ugly things
  A manticore (D:12)
  9 deep elf magi
  An orc sorcerer (Orc:1)
  5 cyclopes
  3 ice statues (IceCv)
  4 centaur zombies (D:8)
  A spiny frog (Lair:1)
  Maggie (D:9)
  A gargoyle (D:10)
  The ghost of H0rd4k the Charlatan, a novice HuAr of Gozag (D:6)
  2 ice devils (Lair:1)
  A komodo dragon (D:9)
  A hellwing (D:8)
  A tengu conjurer (D:11)
  3 trolls
  A queen bee (D:10)
  A hornet (D:13)
  8 hippogriffs
  3 slime creatures (D:12)
  15 yaks
  9 humans (D:13)
  A vampire (D:11)
  A wyvern (D:5)
  5 wraiths
  4 vampire mosquitoes (D:13)
  3 hungry ghosts (D:11)
  6 wargs
  A soldier ant (D:11)
  An acid dragon (D:12)
  2 water moccasins (Lair:1)
  Duvessa (D:4)
  2 porcupines (Lair:1)
  A swamp drake (D:10)
  34 orc warriors
  8 sky beasts
  2 black bears
  12 ice beasts
  An eye of draining (D:10)
  A necrophage (D:12)
  15 ogres
  3 phantoms
  3 crocodiles
  10 centaurs
  10 bullfrogs
  A wyvern zombie (D:8)
  A gnoll sergeant (D:4)
  Dowan (D:4)
  A water moccasin skeleton (D:5)
  50 killer bees
  9 howler monkeys
  6 crimson imps
  3 lava snakes (D:13)
  A quasit (D:6)
  A bullfrog zombie (D:7)
  6 jellies
  4 centaur skeletons
  9 orc priests
  9 hounds
  3 bullfrog skeletons
  22 orc wizards
  13 worker ants
  2 hound zombies
  3 hound skeletons
  A worker ant zombie (D:11)
  10 adders
  4 gnolls (D:3)
  4 shadow imps
  A spectral adder (D:6)
  2 adder skeletons
  4 worms
  6 dart slugs
  6 leopard geckos
  76 orcs
  A ball python (D:6)
  11 bats
  5 giant cockroaches
  6 goblins
  6 hobgoblins
  12 jackals
  3 quokkas
  A frilled lizard (D:1)
  A jackal zombie (D:8)
  4 kobolds
  A leopard gecko skeleton (D:5)
  2 quokka zombies
  6 rats
550 creatures vanquished.

Vanquished Creatures (collateral kills)
  A hellwing (D:8)
1 creature vanquished.

Vanquished Creatures (others)
  A human (D:13)
  A plant (D:9)
2 creatures vanquished.

Grand Total: 553 creatures vanquished

Notes
Turn   | Place    | Note
-------+----------+-------------------------------------------
     0 | D:1      | Johnny the Demigod Earth Elementalist began the quest for
                  | the Orb.
     0 | D:1      | Reached XP level 1. HP: 14/14 MP: 5/5
   155 | D:1      | Reached skill level 3 in Earth Magic
   241 | D:1      | Reached XP level 2. HP: 18/20 MP: 4/7
   976 | D:1      | Reached XP level 3. HP: 26/26 MP: 6/9
  1760 | D:2      | Reached skill level 4 in Earth Magic
  2158 | D:2      | Found a shimmering blue altar of Sif Muna.
  2367 | D:3      | Reached XP level 4. HP: 33/33 MP: 6/10
  2372 | D:3      | HP: 1/33 [gnoll/+0 spear (8)]
  2713 | D:3      | Noticed a bullfrog
  2750 | D:3      | Killed a bullfrog
  2764 | D:3      | Reached XP level 5. HP: 38/38 MP: 12/12
  2854 | D:3      | Learned a level 3 spell: Stone Arrow
  2859 | D:3      | Learned a level 4 spell: Petrify
  3185 | D:3      | Found an opulent altar of Gozag.
  3186 | D:3      | Found a glowing silver altar of Zin.
  3232 | D:3      | Reached skill level 5 in Earth Magic
  3545 | D:3      | Noticed a black bear
  3549 | D:3      | Killed a black bear
  3783 | D:3      | Found an ancient bone altar of Kikubaaqudgha.
  3854 | D:3      | Found a shimmering altar of Xom.
  3856 | D:3      | Found a burning altar of Makhleb.
  3857 | D:3      | Found a radiant altar of Vehumet.
  3947 | D:4      | Reached XP level 6. HP: 45/45 MP: 11/14
  4160 | D:4      | Reached skill level 6 in Earth Magic
  4577 | D:4      | Noticed Duvessa
  4578 | D:4      | Noticed Dowan
  4586 | D:4      | Killed Duvessa
  4586 | D:4      | Reached XP level 7. HP: 50/50 MP: 3/16
  4586 | D:4      | Killed Dowan
  4673 | D:4      | Found a staircase to the Ecumenical Temple.
  4765 | D:4      | Reached skill level 7 in Earth Magic
  4927 | D:4      | Found a white marble altar of Elyvilon.
  4981 | D:4      | Found Ibeupt's Antique Weapon Boutique.
  5129 | D:5      | Entered Level 5 of the Dungeon
  5447 | D:5      | Reached skill level 5 in Spellcasting
  5454 | D:5      | Learned a level 5 spell: Lee's Rapid Deconstruction
  5502 | D:5      | Reached XP level 8. HP: 57/57 MP: 19/19
  5602 | D:5      | Reached skill level 8 in Earth Magic
  6280 | D:5      | Found a snail-covered altar of Cheibriados.
  6561 | D:6      | Reached skill level 9 in Earth Magic
  6756 | D:6      | Found Dyene's Antique Armour Boutique.
  6781 | D:6      | Found a runed translucent gate.
  6781 | D:6      | Found a runed translucent gate.
  6781 | D:6      | Found a runed translucent gate.
  6782 | D:6      | Noticed H0rd4k's ghost (novice HuAr)
  7268 | D:6      | Reached XP level 9. HP: 25/62 MP: 1/22
  7558 | D:6      | Killed H0rd4k's ghost
  7558 | D:6      | Reached skill level 10 in Earth Magic
  8733 | D:8      | Found an ornate altar of the Wu Jian Council.
  8735 | D:8      | Found a shattered altar of Ashenzari.
  8859 | D:8      | Noticed a hellwing
  8860 | D:8      | Noticed a hellwing
  8871 | D:8      | Reached skill level 11 in Earth Magic
  8879 | D:8      | Killed a hellwing
  8894 | D:8      | Found Reedug's Armour Shop.
  8898 | D:8      | Bought the cursed +0 robe "Rearom" {Harm rPois Slay+3 SInv}
                  | for 308 gold pieces
  8909 | D:8      | Identified a scroll of acquirement
  8913 | D:8      | Acquired the ring of the Catfish {MR+ MP+9 Str+4}
  9202 | D:8      | Noticed a two-headed ogre
  9202 | D:8      | Noticed a two-headed ogre
  9211 | D:8      | Killed a two-headed ogre
  9211 | D:8      | Reached XP level 10. HP: 28/69 MP: 24/25
  9212 | D:8      | Killed a two-headed ogre
  9222 | D:8      | Reached skill level 12 in Earth Magic
 10251 | D:9      | Found a shattered altar of Ashenzari.
 10385 | D:9      | Noticed Maggie
 10394 | D:9      | Killed Maggie
 10824 | D:9      | Found a staircase to the Lair.
 10984 | D:10     | Entered Level 10 of the Dungeon
 11028 | D:10     | Reached skill level 13 in Earth Magic
 11324 | D:10     | Reached XP level 11. HP: 70/74 MP: 28/28
 12335 | D:10     | Noticed a two-headed ogre
 12338 | D:10     | Killed a two-headed ogre
 12378 | D:10     | Noticed a two-headed ogre
 12384 | D:10     | Killed a two-headed ogre
 13202 | D:11     | Reached skill level 14 in Earth Magic
 13317 | D:11     | Noticed a two-headed ogre
 13331 | D:11     | Killed a two-headed ogre
 13675 | D:11     | Noticed a two-headed ogre
 13691 | D:11     | Killed a two-headed ogre
 13837 | D:11     | Noticed an ettin
 13847 | D:11     | Killed an ettin
 13847 | D:11     | Reached skill level 10 in Spellcasting
 14213 | D:11     | Noticed a two-headed ogre
 14218 | D:11     | Killed a two-headed ogre
 14218 | D:11     | Reached XP level 12. HP: 81/81 MP: 30/30
 14528 | D:11     | Reached skill level 15 in Earth Magic
 14854 | D:11     | Acquired 2310 gold pieces
 15619 | D:12     | Found Porhom's Magic Scroll Shoppe.
 15744 | D:12     | Bought a scroll of identify for 34 gold pieces
 15744 | D:12     | Bought a scroll of identify for 34 gold pieces
 15744 | D:12     | Bought a scroll of vulnerability for 127 gold pieces
 15744 | D:12     | Bought a scroll of magic mapping for 59 gold pieces
 15744 | D:12     | Bought a scroll of teleportation for 51 gold pieces
 16119 | D:12     | Noticed a seven-headed hydra
 16128 | D:12     | Killed a seven-headed hydra
 16334 | D:12     | Found a staircase to the Orcish Mines.
 16886 | D:13     | Noticed a centaur warrior
 16890 | D:13     | Killed a centaur warrior
 17151 | D:13     | Noticed a centaur warrior
 17156 | D:13     | Reached skill level 16 in Earth Magic
 17160 | D:13     | Killed a centaur warrior
 17191 | D:13     | Noticed a vault guard
 17195 | D:13     | Killed a vault guard
 17245 | D:13     | Noticed a vault guard
 17247 | D:13     | Killed a vault guard
 17578 | D:13     | Reached XP level 13. HP: 86/86 MP: 33/33
 17584 | D:13     | Reached skill level 1 in Shields
 18073 | D:13     | Noticed Jorgrun
 18083 | D:13     | HP: 4/86 [Jorgrun/blast of rock fragments (42)]
 18084 | D:13     | Killed Jorgrun
 18795 | D:13     | Found a gate to the Vaults.
 19144 | Orc:1    | Entered Level 1 of the Orcish Mines
 19608 | Orc:1    | Noticed Josephine
 19629 | Orc:1    | Killed Josephine
 20441 | Orc:1    | Reached skill level 17 in Earth Magic
 20891 | Orc:1    | Found Sobb's General Store.
 21157 | Orc:2    | Entered Level 2 of the Orcish Mines
 23503 | Orc:2    | Found Husigammar's Book Shop.
 23503 | Orc:2    | Found Doqurph's Antique Armour Shoppe.
 23505 | Orc:2    | Found Kaexevyu's General Store.
 23507 | Orc:2    | Found Xaon Reo's Book Boutique.
 23516 | Orc:2    | Bought a bloodstained ring mail for 225 gold pieces
 23516 | Orc:2    | Bought an embroidered cloak for 187 gold pieces
 23516 | Orc:2    | Bought a pair of glowing gloves for 187 gold pieces
 23518 | Orc:2    | Bought a scroll of magic mapping for 52 gold pieces
 23523 | Orc:2    | Bought a book of Power for 540 gold pieces
 23531 | Orc:2    | Learned a level 6 spell: Iron Shot
 23540 | Orc:2    | Bought a book of the Warp for 1440 gold pieces
 23550 | Orc:2    | Learned a level 8 spell: Controlled Blink
 23691 | Orc:2    | Found a staircase to the Elven Halls.
 24609 | Lair:1   | Entered Level 1 of the Lair of Beasts
 24681 | Lair:1   | Found a runed translucent gate.
 24682 | Lair:1   | Found a runed translucent gate.
 24683 | Lair:1   | Found a runed translucent gate.
 24686 | Lair:1   | Noticed a minotaur
 24688 | Lair:1   | Noticed Exodag's ghost (journeyman MiBe)
 24715 | Lair:1   | Found a frozen archway.
 24722 | Lair:1   | Reached skill level 1 in Translocations
 24730 | IceCv    | Entered an ice cave
 24895 | IceCv    | Identified the +4 ring mail of Oniddirch {Dex+3} (You
                  | bought it in a shop on level 2 of the Orcish Mines)
 25192 | Lair:1   | Reached skill level 5 in Shields
 25375 | Lair:1   | Reached XP level 14. HP: 93/93 MP: 35/35
 25978 | Lair:1   | Killed Exodag's ghost
 27442 | D:9      | Mangled by a minotaur

Illustrated notes

Levels and vault maps discovered:
D:1:      dpeg_chamrin_arrival_tetris, layout_loops_ring, st_stairs_10,
          minmay_stone_trees_large
D:2:      layout_loops_ring, led_sif_pool, first_ration
D:3:      layout_loops_ring, grunt_temple_overflow_gold_and_silver, minitemple
D:4:      minmay_angry_zag, layout_cave_pools, elyvilon_altar_3,
          minmay_temple_entry_butterflies, serial_shops, nicolae_shop_stone,
          uniq_duvessa
D:5:      layout_gridville, kennysheep_slug_shrine
D:6:      layout_basic, serial_shops, shop, gammafunk_ghost_necromancy
D:7:      layout_basic
D:8:      cheibrodos_grave_circle, layout_basic,
          chequers_temple_overflow_statue_of_worship, serial_shops,
          nicolae_shop_behind_doors
D:9:      layout_roguey, david_lair_shrubbed, basic_altar, uniq_maggie
D:10:     layout_gridville, special_room [special_room_bee], david_nohive_1
D:11:     wad_statue_garden, layout_rooms
D:12:     layout_cave_pods, orc_0_dummy, serial_shops, shop_statue
D:13:     layout_basic, ximxim_vaults_locker_room, minivault_25, uniq_jorgrun
D:14:     layout_rooms, serial_park_tiny_1
Lair:1:   layout_chaotic_city, portal_ice_cave_demonic_guard,
          maelrawn_ghost_gauntlet_escape, lemuel_fruit_tree, grunt_megastairs_3
Orc:1:    layout_caves, serial_shops, shop, elves_outpost_lemuel, uniq_josephine
Orc:2:    st_orc_rangers, layout_caves

Skill      XL: |  1  2  3  4  5  6  7  8  9 10 11 12 13 14 |
---------------+-------------------------------------------+-----
Spellcasting   | 2 3 4 5 6 7 8 10 11 12 | 12.1
Earth Magic    | 3 4 5 6 7 9 11 13 14 16 17 | 17.6
Shields        | 5 |  5.2
Translocations | 1 2 |  2.2
Dodging        | |  1.7
Stealth        | |  1.7
Transmutations | |  0.8

Action                   |  1- 3 |  4- 6 |  7- 9 | 10-12 | 13-15 || total
-------------------------+-------+-------+-------+-------+-------++-------
Melee: Unarmed           |    27 |       |       |       |       ||    27
       Dagger            |    33 |    86 |       |       |       ||   119
       Spear             |       |    17 |   209 |   142 |    42 ||   410
 Cast: Sandblast         |    54 |    31 |    43 |    96 |    19 ||   243
       Stone Arrow       |       |    13 |    54 |   112 |    98 ||   277
       Lee's Rapid Decon |       |       |    13 |    90 |   106 ||   209
       Petrify           |       |       |       |     9 |    16 ||    25
Evoke: Wand              |       |       |       |     7 |     1 ||     8
       Box of beasts     |       |       |       |       |     3 ||     3
  Use: Potion            |       |     6 |     2 |       |       ||     8
       Scroll            |       |     7 |    15 |     7 |    10 ||    39
 Stab: Sleeping          |     5 |     5 |     5 |     3 |     1 ||    19
       Distracted        |       |       |     1 |       |       ||     1
  Eat: Chunk             |     4 |     8 |    16 |    36 |    15 ||    79
       Ration            |       |       |     1 |     1 |     7 ||     9
Armor: Robe              |    24 |    17 |     1 |    42 |    25 ||   109
       Skin              |       |    17 |       |       |       ||    17
       Leather armour    |       |       |   107 |       |       ||   107
Dodge: Dodged            |    77 |    59 |   147 |   129 |    84 ||   496
Block: Other             |    15 |    28 |    68 |    40 |    19 ||   170
       Reflection        |       |     1 |     5 |       |    38 ||    44
       Kite shield       |       |       |       |       |    73 ||    73
